 Dungeon Crawl Stone Soup version 0.17-a0-1748-g222fba8 (webtiles) character file.

359 gp7 the Ogre Mage (level 6, -1/61 HPs)
             Began as an Ogre Fire Elementalist on Sept 2, 2015.
             Was a Follower of Ashenzari.
             Slain by a phantom (7 damage)
             ... on level 4 of the Dungeon.
             The game lasted 00:16:40 (4588 turns).

gp7 the Ogre Mage (Ogre Fire Elementalist)          Turns: 4588, Time: 00:16:40

Health: -1/61      AC:  3    Str: 16    XL:     6   Next: 65%
Magic:  1/11       EV: 10    Int: 14    God:    Ashenzari [*.....]
Gold:   276        SH:  0    Dex: 10    Spells: 1 memorised, 11 levels left

rFire  . . .     SeeInvis .     u - +0 short sword (curse)
rCold  . . .     Clarity  .     a - +0 robe (curse)
rNeg   . . .     SustAt   .     (no shield)
rPois  .         Gourm    .     (helmet restricted)
rElec  .         Spirit   .     (no cloak)
rCorr  .         Warding  .     (gloves unavailable)
rMut   .         Stasis   .     (boots unavailable)
MR     .....                    (no amulet)
Stlth  +.........               (no ring)
                                (no ring)

@: not resistant to hostile enchantments, very unstealthy
A: unfitting armour, tough skin 1
a: Scrying, Renounce Religion


You were on level 4 of the Dungeon.
You worshipped Ashenzari.
Ashenzari was aware of your devotion.
You were not hungry.

You visited 1 branch of the dungeon, and saw 4 of its levels.

You collected 276 gold pieces.

Inventory:

Hand weapons
 u - a cursed +0 short sword (weapon)
Missiles
 f - 4 tomahawks (quivered)
Armour
 a - a cursed +0 robe (worn)
 x - a +0 leather armour
Magical devices
 l - a wand of teleportation (4)
 A - a wand of disintegration (8)
Scrolls
 e - 4 scrolls of identify {unknown}
 h - a scroll of noise {unknown}
 n - a scroll of enchant weapon {unknown}
 o - a scroll of curse jewellery
 p - a scroll of curse weapon
 q - a scroll of enchant armour {unknown}
 v - a scroll of magic mapping {unknown}
 y - a scroll of teleportation {unknown}
Potions
 d - 4 potions of curing {unknown}
 g - a potion of heal wounds {unknown}
 j - 2 potions of lignification {unknown}
 k - 2 potions of agility {unknown}
 r - a potion of cure mutation {unknown}
 s - a potion of resistance {unknown}
 t - a potion of might {unknown}
 z - a potion of poison {unknown}
Books
 b - a book of Flames

   Spells                             Type                      Level
   a - Flame Tongue                   Conjuration/Fire             1
   b - Throw Flame                    Conjuration/Fire             2
   c - Conjure Flame                  Conjuration/Fire             3
   d - Inner Flame                    Hexes/Fire                   3
   e - Sticky Flame                   Conjuration/Fire             4
   f - Fireball                       Conjuration/Fire             5
Comestibles
 c - 2 bread rations
 i - 4 meat rations
 m - a beef jerky


   Skills:
 * Level 3.3 Fighting
 + Level 1.5 Armour
 - Level 1.8 Dodging
 - Level 2.2 Stealth
 + Level 3.9 Spellcasting
 + Level 1.9 Conjurations
 * Level 3.3 Fire Magic


You had 11 spell levels left.
You knew the following spells:

 Your Spells              Type           Power        Failure   Level  Hunger
a - Flame Tongue          Conj/Fire      ##...        10%         1    None


Dungeon Overview and Level Annotations

Branches:
Dungeon (4/15)             Temple (0/1) D:4

Altars:
Ashenzari
Dithmenos
Yredelemnul


Innate Abilities, Weirdness & Mutations

You are too large for most types of armour.
You have tough skin (AC +1).


Message History

The phantom hits you!
* * * LOW HITPOINT WARNING * * *
Casting: Flame Tongue
Confirm with . or Enter, or press ? or * to list all spells.
Aiming: Flame Tongue
Press: ? - help, Shift-Dir - straight line, f/p - hound
Aim: a hound (almost dead)
The flame tongue hits the hound.
You kill the hound!
The phantom hits you!
* * * LOW HITPOINT WARNING * * *
Casting: Flame Tongue
Confirm with . or Enter, or press ? or * to list all spells.
Aiming: Flame Tongue
Press: ? - help, Shift-Dir - straight line, f - phantom
Aim: a phantom (heavily damaged)
The flame tongue hits the phantom.
The phantom is heavily damaged.
The phantom hits you!
You die...

..###.... ##.##.
#.#≈≈≈≈≈≈ #....
#.#≈#.... #.#..
..#####..≈..... ≈..#..
..h...'..≈..... ≈ .... #
#..≈...>...≈..#.. #.
#..≈.......≈..#..
#.###†.≈.......≈..+..
#..W@.#≈#.....#≈#.#..
..##.....#≈≈≈≈≈≈≈≈≈#.#<.
...'.....###.....###.###
#..#.................###
..................##....
##..#+####.#......#####.
##.#.# #.#....### #.
#.#.# #.#....# ##
#...####.#....#


You could see a phantom.

Vanquished Creatures
  Edmund (D:4)
  A crimson imp (D:4)
  A hound (D:4)
  A jelly (D:4)
  7 adders
  2 oozes
  3 worms
  2 giant geckos (D:3)
  5 bats
  6 giant cockroaches
  10 goblins
  12 hobgoblins
  3 jackals (D:2)
  A quokka (D:4)
  4 ball pythons
  A giant gecko skeleton (D:3)
  8 giant newts
  6 kobolds
  9 rats
83 creatures vanquished.

Notes
Turn   | Place    | Note
--------------------------------------------------------------
     0 | D:1      | gp7 the Ogre Fire Elementalist began the quest for the Orb.
     0 | D:1      | Reached XP level 1. HP: 16/16 MP: 3/3
   308 | D:1      | Found a shattered altar of Ashenzari.
   317 | D:1      | Became a worshipper of Ashenzari the Shackled
   522 | D:1      | Reached XP level 2. HP: 22/24 MP: 2/5
   677 | D:1      | Reached skill level 1 in Conjurations
  1559 | D:2      | Reached skill level 1 in Fighting
  1559 | D:2      | Reached XP level 3. HP: 25/33 MP: 0/7
  2027 | D:2      | Reached skill level 3 in Spellcasting
  2027 | D:2      | Reached XP level 4. HP: 41/41 MP: 5/8
  2854 | D:3      | Acquired Ashenzari's first power
  3056 | D:3      | Reached skill level 1 in Armour
  3251 | D:3      | Reached XP level 5. HP: 26/49 MP: 6/9
  3299 | D:3      | Found a basalt altar of Yredelemnul.
  3304 | D:3      | Found a shadowy altar of Dithmenos.
  3856 | D:4      | Noticed Edmund
  3875 | D:4      | Killed Edmund
  3875 | D:4      | Reached XP level 6. HP: 25/61 MP: 0/11
  4085 | D:4      | Found a staircase to the Ecumenical Temple.
  4588 | D:4      | Slain by a phantom

Vault maps used:
D:1:      dpeg_arrival_connections, ashenzari_altar_1
D:2:      first_bread, minmay_misc_feat_plants, minmay_crystal_room, st_stairs_6
D:3:      kennysheep_big_flooded_room, grunt_temple_overflow_open
D:4:      minmay_temple_entry_water_ring, uniq_edmund

Action                   |  1- 3 |  4- 6 || total
-------------------------+-------+-------++-------
Melee: Unarmed           |    20 |       ||    20
       Dagger            |    18 |     3 ||    21
       Short sword       |       |   103 ||   103
Throw: Tomahawk          |       |     3 ||     3
 Cast: Flame Tongue      |    52 |   114 ||   166
  Use: Scroll            |     1 |       ||     1
  Eat: Chunk             |     3 |     6 ||     9
       Beef jerky        |     1 |       ||     1
       Royal jelly       |       |     1 ||     1
